Orlando Solar Bears vs Santa Cruz Tiger Sharks
Created - Thursday, March 16, 2023 at 06:59
Goals
|
| Orlando Solar Bears |
0 |
2 |
0 |
2 |
| Santa Cruz Tiger Sharks |
2 |
5 |
2 |
9 |
|
Shots
|
| Orlando Solar Bears |
9 |
13 |
6 |
28 |
| Santa Cruz Tiger Sharks |
8 |
23 |
14 |
45 |
|
1st period
1. Santa Cruz Tiger Sharks , Michael McLeod 2 (Steven Lorentz 1, Carter Hart) at 13:48
2. Santa Cruz Tiger Sharks , Steven Lorentz 1 (Kieffer Bellows 1) at 17:57
Penalties :
Austin Strand (SCS) for Fighting (Major) at 3:04, Samuel Fagemo (OSB) for Fighting (Major) at 3:04, Jarred Tinordi (OSB) for Goalie Interference (Minor) at 8:19, Valtteri Puustinen (OSB) for Hooking (Minor) at 19:19
2nd period
3. Santa Cruz Tiger Sharks , Henri Jokiharju 2 (Zach Sanford 4, Michael McLeod 5) at 0:06 (PP)
4. Santa Cruz Tiger Sharks , Tobias Bjornfot 2 (Zach Sanford 5, Jesper Boqvist 3) at 0:20 (PP)
5. Santa Cruz Tiger Sharks , Sean Day 1 (Michael McLeod 6, Jesper Boqvist 4) at 6:55 (PP)
6. Santa Cruz Tiger Sharks , Carter Rowney 2 (Rem Pitlick 3, Kevin Rooney 1) at 9:38
7. Orlando Solar Bears , Jordan Martinook 1 (Morgan Frost 2) at 15:17 (SH)
8. Santa Cruz Tiger Sharks , Carter Rowney 3 (Rem Pitlick 4, Carter Hart) at 16:04 (PP)
9. Orlando Solar Bears , Morgan Frost 4 (Martin Pospisil 2) at 17:10
Penalties :
Jarred Tinordi (OSB) for Tripping (Minor) at 0:09, Jarred Tinordi (OSB) for Hooking (Minor) at 0:35, Samuel Fagemo (OSB) for Tripping (Minor) at 6:40, Michael McLeod (SCS) for Fighting (Major) at 6:56, Valtteri Puustinen (OSB) for Fighting (Major) at 6:56, Sean Day (SCS) for Fighting (Major) at 8:59, Samuel Fagemo (OSB) for Fighting (Major) at 8:59, Jamieson Rees (OSB) for Holding (Minor) at 14:23, Michael McLeod (SCS) for Fighting (Major) at 16:12, Jarred Tinordi (OSB) for Fighting (Major) at 16:12, Carter Rowney (SCS) for Fighting (Major) at 17:52, Isaak Phillips (OSB) for Fighting (Major) at 17:52, Zach Sanford (SCS) for Fighting (Major) at 18:44, Samuel Fagemo (OSB) for Fighting (Major / Game Misconduct) at 18:44
3rd period
10. Santa Cruz Tiger Sharks , Jesper Boqvist 6 (Michael McLeod 7) at 1:46 (PP)
11. Santa Cruz Tiger Sharks , Alexander Volkov 1 (John-Jason Peterka 2, Henri Jokiharju 2) at 16:17
Penalties :
Henri Jokiharju (SCS) for Fighting (Major) at 1:38, Jamieson Rees (OSB) for Fighting (Major) at 1:38, Jamieson Rees (OSB) for instigated a fight (Minor) at 1:38, Jamieson Rees (OSB) for instigated and being the aggresor in a fight (20 Minutes Game Misconduct) at 1:38, Kieffer Bellows (SCS) for Holding (Minor) at 10:13, Zach Sanford (SCS) for Fighting (Major) at 13:39, Jordan Martinook (OSB) for Fighting (Major) at 13:39, Sean Day (SCS) for Fighting (Major) at 16:30, Jarred Tinordi (OSB) for Fighting (Major) at 16:30, David Gustafsson (SCS) for Fighting (Major) at 16:49, Valtteri Puustinen (OSB) for Fighting (Major) at 16:49, Valtteri Puustinen (OSB) for instigated a fight (Minor) at 16:49, Valtteri Puustinen (OSB) for instigated a fight (10 Minutes Misconduct) at 16:49, Zach Sanford (SCS) for Holding (Minor) at 18:55
Goalie Stats
Felix Sandstrom (OSB), 7 saves from 11 shots - (0.636), L, 0-1-0, 20:20 minutes
Filip Gustavsson (OSB), 29 saves from 34 shots - (0.853), 39:40 minutes
Carter Hart (SCS), 26 saves from 28 shots - (0.929), W, 3-0-1, 60:00 minutes
Players Stats for Orlando Solar Bears
Player Name G A P +/- PIM S H SB GA TA FO MP PP MP PK MP
------------------------------------------------------------------------------------
Adam Beckman 0 0 0 1 0 1 2 0 0 1 0/2 16:33 1:34 0:00
Alex Turcotte 0 0 0 0 0 0 1 0 0 1 1/1 8:54 0:00 0:00
Artemi Kniazev 0 0 0 -1 0 0 1 0 0 1 0/0 19:48 1:34 3:07
Donovan Sebrango 0 0 0 -2 0 0 1 3 0 1 0/0 14:36 0:00 2:57
Isaak Phillips 0 0 0 -1 5 1 0 0 0 1 0/0 17:44 1:34 2:58
Jamieson Rees 0 0 0 -1 29 0 0 0 0 0 0/0 10:06 0:00 0:00
Jarred Tinordi 0 0 0 1 16 2 3 0 0 1 0/0 22:41 0:56 2:36
Jason Dickinson 0 0 0 -2 0 2 2 1 1 0 15/53 24:26 1:30 5:54
John Leonard 0 0 0 -3 0 3 1 1 0 0 0/0 18:24 1:37 0:59
Jordan Martinook 1 0 1 0 5 3 4 1 1 1 0/2 19:26 2:09 1:46
Linus Weissbach 0 0 0 0 0 2 0 0 1 0 0/0 10:50 0:00 0:56
Martin Pospisil 0 1 1 0 0 5 1 1 0 1 0/0 10:46 0:00 0:00
Max Gildon 0 0 0 -2 0 2 2 0 1 1 0/0 14:29 0:33 0:19
Morgan Frost 1 1 2 2 0 3 0 1 0 0 5/6 11:10 0:16 2:32
Philip Tomasino 0 0 0 -2 0 4 0 0 0 1 3/15 21:15 1:17 5:54
Samuel Fagemo 0 0 0 -1 27 0 1 0 0 0 0/0 6:45 0:00 0:00
Valtteri Puustinen 0 0 0 -1 24 0 0 1 0 0 0/0 12:11 0:46 0:00
Victor Soderstrom 0 0 0 1 0 0 4 6 0 2 0/0 30:44 1:29 6:01
Players Stats for Santa Cruz Tiger Sharks
Player Name G A P +/- PIM S H SB GA TA FO MP PP MP PK MP
------------------------------------------------------------------------------------
Alexander Volkov 1 0 1 1 0 3 1 0 1 0 1/1 15:01 1:00 0:00
Austin Strand 0 0 0 1 5 1 1 0 0 0 0/0 18:12 3:19 1:33
Carter Rowney 2 0 2 1 5 4 1 1 0 0 1/1 15:38 3:14 0:00
David Gustafsson 0 0 0 0 5 2 2 0 1 0 8/11 9:12 0:08 0:00
Henri Jokiharju 1 1 2 0 5 4 1 0 0 1 0/0 28:44 5:48 1:30
Jesper Boqvist 1 2 3 -1 0 11 1 0 5 0 1/1 22:15 5:25 0:45
John-Jason Peterka 0 1 1 1 0 3 3 0 1 0 4/6 13:52 0:23 0:59
Kevin Rooney 0 1 1 1 0 2 2 0 0 0 2/2 18:36 3:30 0:56
Kieffer Bellows 0 1 1 1 2 1 2 0 1 0 0/0 11:16 0:00 0:00
Kristians Rubins 0 0 0 1 0 0 4 0 0 0 0/0 12:03 0:00 0:39
Mackenzie Entwistle 0 0 0 1 0 0 1 0 0 0 0/0 6:26 0:00 0:00
Michael McLeod 1 3 4 0 10 5 2 0 0 0 30/41 21:50 5:25 1:47
Rem Pitlick 0 2 2 1 0 0 1 0 0 1 7/12 18:15 3:34 0:31
Sean Day 1 0 1 0 10 3 0 0 0 0 0/0 16:43 2:09 0:54
Slater Koekkoek 0 0 0 2 0 0 1 0 0 0 0/0 13:51 1:02 0:00
Steven Lorentz 1 1 2 1 0 1 0 0 0 0 0/1 6:26 0:00 0:00
Tobias Bjornfot 1 0 1 0 0 2 1 0 1 2 0/0 30:23 5:40 1:30
Zach Sanford 0 2 2 -1 12 3 1 0 2 0 1/3 18:02 4:18 1:08
3 Stars
1 - Jesper Boqvist (SCS)
2 - Steven Lorentz (SCS)
3 - Carter Rowney (SCS)
Power Play
Orlando Solar Bears - 0 on 2 Attempt(s) - 0.00%
Santa Cruz Tiger Sharks - 5 on 8 Attempt(s) - 62.50%
Penalty Kill
Orlando Solar Bears - 3 on 8 Attempt(s) - 37.50%
- Score 1 goal in Penalty Kill
Santa Cruz Tiger Sharks - 2 on 2 Attempt(s) - 100.00%
- Score 0 goal in Penalty Kill
Team Stat
Orlando Solar Bears - Hits : 23 - Faceoff Wins : 24 - Blocked Shots : 15 - Penalty Minutes : 106
Santa Cruz Tiger Sharks - Hits : 25 - Faceoff Wins : 55 - Blocked Shots : 1 - Penalty Minutes : 54
Official
Referees : Dan O'Halloran and Chris Lee
Linesman : Tim Nowak and Jonny Murray
Game Notes
Austin Strand and Samuel Fagemo fight to a draw at 3:04 of 1st period
Filip Gustavsson enters game at 0:20 of 2nd period
Michael McLeod beats up Valtteri Puustinen at 6:56 of 2nd period
Sean Day and Samuel Fagemo fight to a draw at 8:59 of 2nd period
9:38 of 2nd period - Santa Cruz Tiger Sharks goal is going for a video replay. After video review, Goal.
Michael McLeod and Jarred Tinordi fight to a draw at 16:12 of 2nd period
Carter Rowney and Isaak Phillips fight to a draw at 17:52 of 2nd period
Zach Sanford and Samuel Fagemo fight to a draw at 18:44 of 2nd period
Samuel Fagemo ejected from game at 18:44 of 2nd period
Henri Jokiharju and Jamieson Rees fight to a draw at 1:38 of 3rd period
Jamieson Rees ejected from game at 1:38 of 3rd period
Zach Sanford and Jordan Martinook fight to a draw at 13:39 of 3rd period
Jarred Tinordi beats up Sean Day at 16:30 of 3rd period
David Gustafsson and Valtteri Puustinen fight to a draw at 16:49 of 3rd period
Orlando Solar Bears
5 vs 5 Forward
Center Left Wing Right Wing Time % Phy DF OF
1 Jason Dickinson Jordan Martinook Samuel Fagemo 35 1 2 2
2 Philip Tomasino John Leonard Valtteri Puustinen 30 1 2 2
3 Morgan Frost Adam Beckman Martin Pospisil 20 1 2 2
4 Alex Turcotte Linus Weissbach Jamieson Rees 15 1 2 2
5 vs 5 Defense
Defense Defense Time % Phy DF OF
1 Victor Soderstrom Jarred Tinordi 40 1 2 2
2 Isaak Phillips Artemi Kniazev 30 1 2 2
3 Max Gildon Donovan Sebrango 20 1 2 2
4 Victor Soderstrom Jarred Tinordi 10 1 2 2
PowerPlay Forward
Center Left Wing Right Wing Time % Phy DF OF
1 Jason Dickinson Jordan Martinook Samuel Fagemo 60 1 2 2
2 Philip Tomasino John Leonard Valtteri Puustinen 40 1 2 2
PowerPlay Defense
Defense Defense Time % Phy DF OF
1 Victor Soderstrom Jarred Tinordi 60 1 2 2
2 Isaak Phillips Artemi Kniazev 40 1 2 2
Penalty Kill 4 Players Forward
Center Wing Time % Phy DF OF
1 Jason Dickinson Philip Tomasino 60 1 2 2
2 Morgan Frost Jordan Martinook 40 1 2 2
Penalty Kill 4 Players Defense
Defense Defense Time % Phy DF OF
1 Victor Soderstrom Jarred Tinordi 60 1 2 2
2 Isaak Phillips Artemi Kniazev 40 1 2 2
Penalty Kill - 3 Players Forward
Forward Time % Phy DF OF
1 Jason Dickinson 60 1 2 2
2 Philip Tomasino 40 1 2 2
Penalty Kill - 3 Players Defense
Defense Defense Time % Phy DF OF
1 Victor Soderstrom Jarred Tinordi 60 1 2 2
2 Isaak Phillips Artemi Kniazev 40 1 2 2
4 vs 4 Forward
Center Wing Time % Phy DF OF
1 Jason Dickinson Philip Tomasino 60 1 2 2
2 Morgan Frost Jordan Martinook 40 1 2 2
4 vs 4 Defense
Defense Defense Time % Phy DF OF
1 Victor Soderstrom Jarred Tinordi 60 1 2 2
2 Isaak Phillips Artemi Kniazev 40 1 2 2
Last Minutes Offensive
Center Left Wing Right Wing Defense Defense
Jason Dickinson Jordan Martinook Samuel Fagemo Victor Soderstrom Jarred Tinordi
Last Minutes Defensive
Center Left Wing Right Wing Defense Defense
Jason Dickinson Jordan Martinook Samuel Fagemo Victor Soderstrom Jarred Tinordi
Goaltenders
Starting : Felix Sandstrom
Backup : Filip Gustavsson
Extra Forwards
Normal : Jamieson Rees, Adam Beckman, Linus Weissbach - PP : Jamieson Rees, Adam Beckman - PK : Linus Weissbach
Extra Defensemen
Normal : Max Gildon, Donovan Sebrango, Isaak Phillips - PP : Max Gildon - PK : Donovan Sebrango, Isaak Phillips
Penalty Shots
Jason Dickinson, Philip Tomasino, Morgan Frost, Jordan Martinook, Samuel Fagemo
Santa Cruz Tiger Sharks
5 vs 5 Forward
Center Left Wing Right Wing Time % Phy DF OF
1 Michael McLeod Zach Sanford Jesper Boqvist 40 1 2 2
2 Rem Pitlick Kevin Rooney Carter Rowney 30 1 2 2
3 John-Jason Peterka Kieffer Bellows Alexander Volkov 20 1 2 2
4 Steven Lorentz Michael McLeod Mackenzie Entwistle 10 1 2 2
5 vs 5 Defense
Defense Defense Time % Phy DF OF
1 Henri Jokiharju Tobias Bjornfot 40 1 2 2
2 Austin Strand Sean Day 30 1 2 2
3 Slater Koekkoek Kristians Rubins 20 1 2 2
4 Henri Jokiharju Tobias Bjornfot 10 1 2 2
PowerPlay Forward
Center Left Wing Right Wing Time % Phy DF OF
1 Michael McLeod Zach Sanford Jesper Boqvist 60 1 2 2
2 Rem Pitlick Kevin Rooney Carter Rowney 40 1 2 2
PowerPlay Defense
Defense Defense Time % Phy DF OF
1 Henri Jokiharju Tobias Bjornfot 60 1 2 2
2 Austin Strand Sean Day 40 1 2 2
Penalty Kill 4 Players Forward
Center Wing Time % Phy DF OF
1 Michael McLeod Zach Sanford 60 1 2 2
2 Rem Pitlick Kevin Rooney 40 1 2 2
Penalty Kill 4 Players Defense
Defense Defense Time % Phy DF OF
1 Henri Jokiharju Tobias Bjornfot 60 1 2 2
2 Austin Strand Sean Day 40 1 2 2
Penalty Kill - 3 Players Forward
Forward Time % Phy DF OF
1 Michael McLeod 60 1 2 2
2 Zach Sanford 40 1 2 2
Penalty Kill - 3 Players Defense
Defense Defense Time % Phy DF OF
1 Henri Jokiharju Tobias Bjornfot 60 1 2 2
2 Austin Strand Sean Day 40 1 2 2
4 vs 4 Forward
Center Wing Time % Phy DF OF
1 Michael McLeod Zach Sanford 60 1 2 2
2 Rem Pitlick Kevin Rooney 40 1 2 2
4 vs 4 Defense
Defense Defense Time % Phy DF OF
1 Henri Jokiharju Tobias Bjornfot 60 1 2 2
2 Austin Strand Sean Day 40 1 2 2
Last Minutes Offensive
Center Left Wing Right Wing Defense Defense
Michael McLeod Zach Sanford Jesper Boqvist Henri Jokiharju Tobias Bjornfot
Last Minutes Defensive
Center Left Wing Right Wing Defense Defense
Michael McLeod Zach Sanford Jesper Boqvist Henri Jokiharju Tobias Bjornfot
Goaltenders
Starting : Carter Hart
Backup : Mikhail Berdin
Extra Forwards
Normal : David Gustafsson, Alexander Volkov, John-Jason Peterka - PP : David Gustafsson, Alexander Volkov - PK : John-Jason Peterka
Extra Defensemen
Normal : Slater Koekkoek, Kristians Rubins, Austin Strand - PP : Slater Koekkoek - PK : Kristians Rubins, Austin Strand
Penalty Shots
Michael McLeod, Zach Sanford, Rem Pitlick, Kevin Rooney, Jesper Boqvist
% Time on Ice - Orlando Solar Bears
Lines # - Real PCT - Wanted PCT - Time Play
Normal Forward
1 - 35% - 35% - 16:47
2 - 29% - 30% - 14:04
3 - 17% - 20% - 8:13
4 - 19% - 15% - 8:54
Normal Defense
1 - 42% - 40% - 20:12
2 - 30% - 30% - 14:29
3 - 21% - 20% - 10:00
4 - 7% - 10% - 3:17
PP Forward
1 - 58% - 60% - 1:46
2 - 42% - 40% - 1:17
PP Defense
1 - 49% - 60% - 1:29
2 - 51% - 40% - 1:34
PK Forward
1 - 76% - 60% - 6:50
2 - 24% - 40% - 2:09
PK Defense
1 - 75% - 60% - 6:43
2 - 25% - 40% - 2:16
PK3 Forward
1 - 0% - 60%
2 - 0% - 40%
PK3 Defense
1 - 0% - 60%
2 - 0% - 40%
44 Forward
1 - 0% - 60%
2 - 0% - 40%
44 Defense
1 - 0% - 60%
2 - 0% - 40%
Last Minute Offensive - 0:00
Last Minute Defensive - 0:00
Total
Forward - 60:00
Defense - 60:00
|
% Time on Ice - Santa Cruz Tiger Sharks
Lines # - Real PCT - Wanted PCT - Time Play
Normal Forward
1 - 34% - 40% - 16:05
2 - 30% - 30% - 14:10
3 - 24% - 20% - 11:17
4 - 13% - 10% - 6:26
Normal Defense
1 - 43% - 40% - 20:35
2 - 31% - 30% - 14:52
3 - 19% - 20% - 9:02
4 - 7% - 10% - 3:29
PP Forward
1 - 64% - 60% - 5:45
2 - 36% - 40% - 3:14
PP Defense
1 - 63% - 60% - 5:40
2 - 37% - 40% - 3:19
PK Forward
1 - 83% - 60% - 2:32
2 - 17% - 40% - 0:31
PK Defense
1 - 49% - 60% - 1:30
2 - 51% - 40% - 1:33
PK3 Forward
1 - 0% - 60%
2 - 0% - 40%
PK3 Defense
1 - 0% - 60%
2 - 0% - 40%
44 Forward
1 - 0% - 60%
2 - 0% - 40%
44 Defense
1 - 0% - 60%
2 - 0% - 40%
Last Minute Offensive - 0:00
Last Minute Defensive - 0:00
Total
Forward - 60:00
Defense - 60:00
|
Play-by-Play
1st period
0:01 of 1st period - Michael McLeod wins face-off versus Jason Dickinson in neutral zone.
0:26 of 1st period - Jordan Martinook is hit by John-Jason Peterka and loses puck.
1:17 of 1st period - Isaak Phillips is hit by Kristians Rubins and loses puck.
1:32 of 1st period - Snap shot by Jesper Boqvist.
1:32 of 1st period - Stopped by Felix Sandstrom with a rebound.
2:00 of 1st period - Snap shot by Linus Weissbach.
2:00 of 1st period - Stopped by Carter Hart with a rebound.
2:24 of 1st period - Slapshot by Morgan Frost.
2:24 of 1st period - Stopped by Carter Hart with a rebound.
2:26 of 1st period - Snap shot by Morgan Frost.
2:26 of 1st period - Stopped by Carter Hart without a rebound.
2:27 of 1st period - Morgan Frost wins face-off versus Michael McLeod in Santa Cruz Tiger Sharks zone.
3:01 of 1st period - Slapshot by Kieffer Bellows.
3:01 of 1st period - Stopped by Felix Sandstrom with a rebound.
3:03 of 1st period - Snap shot by Alexander Volkov.
3:03 of 1st period - Deflect By Kieffer Bellows.
3:03 of 1st period - Shot Blocked by Valtteri Puustinen.
3:03 of 1st period - Puck is out of play.
3:04 of 1st period - Jason Dickinson wins face-off versus Michael McLeod in Orlando Solar Bears zone.
3:04 of 1st period - Austin Strand and Samuel Fagemo fight to a draw.
3:04 of 1st period - Penalty to Austin Strand for Fighting.
3:04 of 1st period - Penalty to Samuel Fagemo for Fighting.
3:05 of 1st period - Michael McLeod wins face-off versus Jason Dickinson in Orlando Solar Bears zone.
3:18 of 1st period - Wrist shot by Jason Dickinson.
3:18 of 1st period - Stopped by Carter Hart with a rebound.
3:20 of 1st period - Slapshot by Jarred Tinordi.
3:20 of 1st period - Stopped by Carter Hart with a rebound.
4:53 of 1st period - Zach Sanford is hit by Jordan Martinook and loses puck.
5:24 of 1st period - Icing by Kristians Rubins.
5:25 of 1st period - Michael McLeod wins face-off versus Jason Dickinson in Santa Cruz Tiger Sharks zone.
5:34 of 1st period - Wrist shot by Michael McLeod.
5:34 of 1st period - Deflect By Jamieson Rees.
5:34 of 1st period - Stopped by Felix Sandstrom without a rebound.
5:35 of 1st period - Rem Pitlick wins face-off versus Jason Dickinson in Orlando Solar Bears zone.
6:07 of 1st period - Valtteri Puustinen is hit by Jesper Boqvist and loses puck.
6:27 of 1st period - Isaak Phillips is hit by Kristians Rubins and loses puck.
6:42 of 1st period - Wrist shot by Jordan Martinook.
6:42 of 1st period - Stopped by Carter Hart with a rebound.
6:44 of 1st period - Snap shot by Jamieson Rees.
6:44 of 1st period - Shot Misses the Net.
6:58 of 1st period - Snap shot by Jesper Boqvist.
6:58 of 1st period - Stopped by Felix Sandstrom without a rebound.
6:59 of 1st period - Alex Turcotte wins face-off versus Michael McLeod in Orlando Solar Bears zone.
7:24 of 1st period - Jamieson Rees is hit by Rem Pitlick and loses puck.
8:08 of 1st period - John Leonard is hit by Mackenzie Entwistle and loses puck.
8:13 of 1st period - Snap shot by Michael McLeod.
8:13 of 1st period - Shot Misses the Net.
8:19 of 1st period - Minor Penalty to Jarred Tinordi for Goalie Interference.
8:20 of 1st period - Michael McLeod wins face-off versus Jason Dickinson in Orlando Solar Bears zone.
10:19 of 1st period - Penalty to Jarred Tinordi is over, Jarred Tinordi is back on ice.
10:40 of 1st period - Wrist shot by John-Jason Peterka.
10:40 of 1st period - Stopped by Felix Sandstrom with a rebound.
10:42 of 1st period - Slapshot by Austin Strand.
10:42 of 1st period - Deflect By John-Jason Peterka.
10:42 of 1st period - Shot Blocked by Donovan Sebrango.
10:42 of 1st period - Puck is out of play.
10:43 of 1st period - Jason Dickinson wins face-off versus John-Jason Peterka in Orlando Solar Bears zone.
11:33 of 1st period - Tobias Bjornfot is hit by Adam Beckman and loses puck.
12:15 of 1st period - Philip Tomasino is hit by David Gustafsson and loses puck.
12:46 of 1st period - Slapshot by Adam Beckman.
12:46 of 1st period - Stopped by Carter Hart with a rebound.
13:28 of 1st period - Slapshot by Linus Weissbach.
13:28 of 1st period - Stopped by Carter Hart with a rebound.
13:48 of 1st period - Snap shot by Michael McLeod.
13:48 of 1st period - Goal by Michael McLeod - Orlando Solar Bears : 0 - Santa Cruz Tiger Sharks : 1.
13:49 of 1st period - Jason Dickinson wins face-off versus Rem Pitlick in neutral zone.
14:14 of 1st period - John Leonard is hit by Austin Strand and loses puck.
14:45 of 1st period - Morgan Frost is hit by Kevin Rooney and loses puck.
15:20 of 1st period - Jesper Boqvist is hit by Alex Turcotte and loses puck.
15:43 of 1st period - John Leonard is hit by Kieffer Bellows and loses puck.
16:04 of 1st period - Morgan Frost is hit by Tobias Bjornfot and loses puck.
16:35 of 1st period - Linus Weissbach is hit by Michael McLeod.
16:44 of 1st period - Wrist shot by Linus Weissbach.
16:44 of 1st period - Shot Misses the Net.
17:07 of 1st period - Backhand shot by Isaak Phillips.
17:07 of 1st period - Stopped by Carter Hart with a rebound.
17:27 of 1st period - Wrist shot by Jesper Boqvist.
17:27 of 1st period - Deflect By Rem Pitlick.
17:27 of 1st period - Shot Misses the Net.
17:27 of 1st period - Puck is out of play.
17:28 of 1st period - Rem Pitlick wins face-off versus Jason Dickinson in Orlando Solar Bears zone.
17:43 of 1st period - Wrist shot by Kevin Rooney.
17:43 of 1st period - Shot Misses the Net.
17:57 of 1st period - Slapshot by Steven Lorentz.
17:57 of 1st period - Goal by Steven Lorentz - Orlando Solar Bears : 0 - Santa Cruz Tiger Sharks : 2.
17:58 of 1st period - Michael McLeod wins face-off versus Philip Tomasino in neutral zone.
18:25 of 1st period - Victor Soderstrom is hit by John-Jason Peterka and loses puck.
18:32 of 1st period - Wrist shot by Jason Dickinson.
18:32 of 1st period - Shot Misses the Net.
18:39 of 1st period - Icing by John-Jason Peterka.
18:40 of 1st period - John-Jason Peterka wins face-off versus Morgan Frost in Santa Cruz Tiger Sharks zone.
18:47 of 1st period - Snap shot by John-Jason Peterka.
18:47 of 1st period - Shot Blocked by Martin Pospisil.
18:57 of 1st period - Wrist shot by Kieffer Bellows.
18:57 of 1st period - Deflect By Alexander Volkov.
18:57 of 1st period - Shot Misses the Net.
18:57 of 1st period - Puck is out of play.
18:58 of 1st period - Zach Sanford wins face-off versus Philip Tomasino in Orlando Solar Bears zone.
18:59 of 1st period - Snap shot by Jesper Boqvist.
18:59 of 1st period - Stopped by Felix Sandstrom with a rebound.
19:01 of 1st period - Slapshot by Jesper Boqvist.
19:01 of 1st period - Shot Blocked by Victor Soderstrom.
19:03 of 1st period - Wrist shot by Jesper Boqvist.
19:03 of 1st period - Shot Misses the Net.
19:05 of 1st period - Slapshot by Tobias Bjornfot.
19:05 of 1st period - Shot Misses the Net.
19:19 of 1st period - Minor Penalty to Valtteri Puustinen for Hooking.
19:20 of 1st period - Michael McLeod wins face-off versus Jason Dickinson in Orlando Solar Bears zone.
19:21 of 1st period - Snap shot by Jesper Boqvist.
19:21 of 1st period - Deflect By Zach Sanford.
19:21 of 1st period - Shot Blocked by Victor Soderstrom.
19:21 of 1st period - Puck is out of play.
19:22 of 1st period - Michael McLeod wins face-off versus Jason Dickinson in Orlando Solar Bears zone.
Goals for this period are 0 for Orlando Solar Bears vs 2 for Santa Cruz Tiger Sharks.
Shots for this period are 9 for Orlando Solar Bears vs 8 for Santa Cruz Tiger Sharks.
2nd period
0:01 of 2nd period - Michael McLeod wins face-off versus Jason Dickinson in neutral zone.
0:04 of 2nd period - Slapshot by Zach Sanford.
0:04 of 2nd period - Shot Blocked by Victor Soderstrom.
0:06 of 2nd period - Slapshot by Henri Jokiharju.
0:06 of 2nd period - Goal by Henri Jokiharju - Orlando Solar Bears : 0 - Santa Cruz Tiger Sharks : 3.
0:07 of 2nd period - Jason Dickinson wins face-off versus Zach Sanford in neutral zone.
0:09 of 2nd period - Minor Penalty to Jarred Tinordi for Tripping.
0:10 of 2nd period - Michael McLeod wins face-off versus Jason Dickinson in Orlando Solar Bears zone.
0:18 of 2nd period - Snap shot by Zach Sanford.
0:18 of 2nd period - Stopped by Felix Sandstrom with a rebound.
0:20 of 2nd period - Slapshot by Tobias Bjornfot.
0:20 of 2nd period - Goal by Tobias Bjornfot - Orlando Solar Bears : 0 - Santa Cruz Tiger Sharks : 4.
0:20 of 2nd period - Filip Gustavsson enters game.
0:21 of 2nd period - Jason Dickinson wins face-off versus Michael McLeod in neutral zone.
0:35 of 2nd period - Minor Penalty to Jarred Tinordi for Hooking.
0:36 of 2nd period - Michael McLeod wins face-off versus Jason Dickinson in Orlando Solar Bears zone.
0:36 of 2nd period - Wrist shot by Jesper Boqvist.
0:36 of 2nd period - Shot Blocked by Donovan Sebrango.
0:38 of 2nd period - Wrist shot by Tobias Bjornfot.
0:38 of 2nd period - Stopped by Filip Gustavsson with a rebound.
0:40 of 2nd period - Slapshot by Henri Jokiharju.
0:40 of 2nd period - Deflect By Jesper Boqvist.
0:40 of 2nd period - Shot Blocked by Victor Soderstrom.
0:40 of 2nd period - Puck is out of play.
0:41 of 2nd period - Michael McLeod wins face-off versus Jason Dickinson in Orlando Solar Bears zone.
1:30 of 2nd period - Wrist shot by Zach Sanford.
1:30 of 2nd period - Shot Blocked by Jordan Martinook.
1:32 of 2nd period - Snap shot by Tobias Bjornfot.
1:32 of 2nd period - Shot Misses the Net.
1:34 of 2nd period - Wrist shot by Jesper Boqvist.
1:34 of 2nd period - Stopped by Filip Gustavsson without a rebound.
1:35 of 2nd period - Jason Dickinson wins face-off versus Rem Pitlick in Orlando Solar Bears zone.
1:44 of 2nd period - Snap shot by Carter Rowney.
1:44 of 2nd period - Shot Misses the Net.
1:46 of 2nd period - Backhand shot by Kevin Rooney.
1:46 of 2nd period - Stopped by Filip Gustavsson with a rebound.
1:48 of 2nd period - Slapshot by Sean Day.
1:48 of 2nd period - Stopped by Filip Gustavsson with a rebound.
1:50 of 2nd period - Wrist shot by Rem Pitlick.
1:50 of 2nd period - Deflect By Kevin Rooney.
1:50 of 2nd period - Stopped by Filip Gustavsson without a rebound.
1:51 of 2nd period - Rem Pitlick wins face-off versus Jason Dickinson in Orlando Solar Bears zone.
2:35 of 2nd period - Penalty to Jarred Tinordi is over, Jarred Tinordi is back on ice.
2:43 of 2nd period - Wrist shot by John-Jason Peterka.
2:43 of 2nd period - Shot Misses the Net.
2:51 of 2nd period - Snap shot by Kieffer Bellows.
2:51 of 2nd period - Shot Misses the Net.
2:53 of 2nd period - Snap shot by Alexander Volkov.
2:53 of 2nd period - Stopped by Filip Gustavsson with a rebound.
3:19 of 2nd period - Off-side.
3:20 of 2nd period - Carter Rowney wins face-off versus Jason Dickinson in neutral zone.
3:59 of 2nd period - Henri Jokiharju is hit by Artemi Kniazev and loses puck.
4:31 of 2nd period - Wrist shot by Rem Pitlick.
4:31 of 2nd period - Shot Misses the Net.
4:51 of 2nd period - Jason Dickinson is hit by Zach Sanford and loses puck.
5:02 of 2nd period - Kristians Rubins is hit by Jarred Tinordi.
5:06 of 2nd period - Victor Soderstrom is hit by John-Jason Peterka.
6:40 of 2nd period - Minor Penalty to Samuel Fagemo for Tripping.
6:41 of 2nd period - Michael McLeod wins face-off versus Jason Dickinson in Orlando Solar Bears zone.
6:47 of 2nd period - Wrist shot by Jesper Boqvist.
6:47 of 2nd period - Stopped by Filip Gustavsson with a rebound.
6:49 of 2nd period - Snap shot by Michael McLeod.
6:49 of 2nd period - Stopped by Filip Gustavsson with a rebound.
6:51 of 2nd period - Wrist shot by Michael McLeod.
6:51 of 2nd period - Shot Blocked by Jason Dickinson.
6:53 of 2nd period - Snap shot by Michael McLeod.
6:53 of 2nd period - Shot Misses the Net.
6:55 of 2nd period - Snap shot by Sean Day.
6:55 of 2nd period - Goal by Sean Day - Orlando Solar Bears : 0 - Santa Cruz Tiger Sharks : 5.
6:56 of 2nd period - Philip Tomasino wins face-off versus Michael McLeod in neutral zone.
6:56 of 2nd period - Michael McLeod beats up Valtteri Puustinen.
6:56 of 2nd period - Penalty to Michael McLeod for Fighting.
6:56 of 2nd period - Penalty to Valtteri Puustinen for Fighting.
6:57 of 2nd period - David Gustafsson wins face-off versus Philip Tomasino in neutral zone.
7:12 of 2nd period - Wrist shot by Jesper Boqvist.
7:12 of 2nd period - Shot Blocked by John Leonard.
7:50 of 2nd period - Snap shot by Kieffer Bellows.
7:50 of 2nd period - Shot Misses the Net.
7:56 of 2nd period - Alexander Volkov is hit by Jordan Martinook.
8:41 of 2nd period - Isaak Phillips is hit by Alexander Volkov and loses puck.
8:56 of 2nd period - Snap shot by Jesper Boqvist.
8:56 of 2nd period - Stopped by Filip Gustavsson with a rebound.
8:58 of 2nd period - Slapshot by Henri Jokiharju.
8:58 of 2nd period - Deflect By Artemi Kniazev.
8:58 of 2nd period - Stopped by Filip Gustavsson without a rebound.
8:59 of 2nd period - Rem Pitlick wins face-off versus Jason Dickinson in Orlando Solar Bears zone.
8:59 of 2nd period - Sean Day and Samuel Fagemo fight to a draw.
8:59 of 2nd period - Penalty to Sean Day for Fighting.
8:59 of 2nd period - Penalty to Samuel Fagemo for Fighting.
9:00 of 2nd period - Jason Dickinson wins face-off versus David Gustafsson in Orlando Solar Bears zone.
9:00 of 2nd period - Jason Dickinson is hit by Henri Jokiharju.
9:08 of 2nd period - Wrist shot by Zach Sanford.
9:08 of 2nd period - Shot Blocked by Victor Soderstrom.
9:32 of 2nd period - Slapshot by Carter Rowney.
9:32 of 2nd period - Deflect By Rem Pitlick.
9:32 of 2nd period - Shot Blocked by Victor Soderstrom.
9:32 of 2nd period - Puck is out of play.
9:33 of 2nd period - Rem Pitlick wins face-off versus Philip Tomasino in Orlando Solar Bears zone.
9:36 of 2nd period - Wrist shot by Rem Pitlick.
9:36 of 2nd period - Shot Misses the Net.
9:38 of 2nd period - Snap shot by Carter Rowney.
9:38 of 2nd period - Santa Cruz Tiger Sharks goal is going for a video replay.
9:38 of 2nd period - The goal is good.
9:38 of 2nd period - Goal by Carter Rowney - Orlando Solar Bears : 0 - Santa Cruz Tiger Sharks : 6.
9:39 of 2nd period - David Gustafsson wins face-off versus Jason Dickinson in neutral zone.
10:44 of 2nd period - Wrist shot by Jason Dickinson.
10:44 of 2nd period - Stopped by Carter Hart without a rebound.
10:45 of 2nd period - David Gustafsson wins face-off versus Jordan Martinook in Santa Cruz Tiger Sharks zone.
10:45 of 2nd period - David Gustafsson is hit by Jarred Tinordi.
11:10 of 2nd period - Snap shot by John Leonard.
11:10 of 2nd period - Stopped by Carter Hart with a rebound.
11:12 of 2nd period - Wrist shot by Philip Tomasino.
11:12 of 2nd period - Stopped by Carter Hart without a rebound.
11:13 of 2nd period - Kevin Rooney wins face-off versus Philip Tomasino in Santa Cruz Tiger Sharks zone.
11:13 of 2nd period - Kevin Rooney is hit by Jarred Tinordi.
11:39 of 2nd period - Carter Rowney is hit by John Leonard and loses puck.
12:15 of 2nd period - Wrist shot by John Leonard.
12:15 of 2nd period - Deflect By Philip Tomasino.
12:15 of 2nd period - Stopped by Carter Hart with a rebound.
12:26 of 2nd period - Snap shot by John Leonard.
12:26 of 2nd period - Stopped by Carter Hart without a rebound.
12:27 of 2nd period - Michael McLeod wins face-off versus Jason Dickinson in Santa Cruz Tiger Sharks zone.
12:27 of 2nd period - Michael McLeod is hit by Max Gildon.
13:44 of 2nd period - Isaak Phillips is hit by David Gustafsson and loses puck.
13:48 of 2nd period - Icing by Isaak Phillips.
13:49 of 2nd period - Jason Dickinson wins face-off versus John-Jason Peterka in Orlando Solar Bears zone.
13:54 of 2nd period - Henri Jokiharju is hit by Martin Pospisil and loses puck.
14:05 of 2nd period - Snap shot by Philip Tomasino.
14:05 of 2nd period - Shot Hit the Post.
14:07 of 2nd period - Snap shot by Philip Tomasino.
14:07 of 2nd period - Shot Misses the Net.
14:09 of 2nd period - Slapshot by Victor Soderstrom.
14:09 of 2nd period - Shot Misses the Net.
14:21 of 2nd period - Snap shot by Michael McLeod.
14:21 of 2nd period - Deflect By Zach Sanford.
14:21 of 2nd period - Deflect By Jarred Tinordi.
14:21 of 2nd period - Stopped by Filip Gustavsson with a rebound.
14:23 of 2nd period - Minor Penalty to Jamieson Rees for Holding.
14:24 of 2nd period - Michael McLeod wins face-off versus Jason Dickinson in Orlando Solar Bears zone.
14:25 of 2nd period - Backhand shot by Jesper Boqvist.
14:25 of 2nd period - Stopped by Filip Gustavsson without a rebound.
14:26 of 2nd period - Michael McLeod wins face-off versus Jason Dickinson in Orlando Solar Bears zone.
14:40 of 2nd period - Icing by Zach Sanford.
14:41 of 2nd period - Michael McLeod wins face-off versus Philip Tomasino in Santa Cruz Tiger Sharks zone.
15:04 of 2nd period - Henri Jokiharju is hit by Jordan Martinook and loses puck.
15:17 of 2nd period - Snap shot by Jordan Martinook.
15:17 of 2nd period - Goal by Jordan Martinook - Orlando Solar Bears : 1 - Santa Cruz Tiger Sharks : 6.
15:18 of 2nd period - Jason Dickinson wins face-off versus Rem Pitlick in neutral zone.
15:28 of 2nd period - Icing by Henri Jokiharju.
15:29 of 2nd period - Kevin Rooney wins face-off versus Jason Dickinson in Santa Cruz Tiger Sharks zone.
15:54 of 2nd period - Snap shot by Carter Rowney.
15:54 of 2nd period - Shot Misses the Net.
16:04 of 2nd period - Slapshot by Carter Rowney.
16:04 of 2nd period - Goal by Carter Rowney - Orlando Solar Bears : 1 - Santa Cruz Tiger Sharks : 7.
16:05 of 2nd period - Morgan Frost wins face-off versus Michael McLeod in neutral zone.
16:11 of 2nd period - Snap shot by Jarred Tinordi.
16:11 of 2nd period - Deflect By Jesper Boqvist.
16:11 of 2nd period - Stopped by Carter Hart with a rebound.
16:12 of 2nd period - Michael McLeod and Jarred Tinordi fight to a draw.
16:12 of 2nd period - Penalty to Michael McLeod for Fighting.
16:12 of 2nd period - Penalty to Jarred Tinordi for Fighting.
16:13 of 2nd period - David Gustafsson wins face-off versus Jason Dickinson in Santa Cruz Tiger Sharks zone.
16:13 of 2nd period - David Gustafsson is hit by Samuel Fagemo.
16:21 of 2nd period - Wrist shot by Jesper Boqvist.
16:21 of 2nd period - Shot Misses the Net.
16:23 of 2nd period - Slapshot by Henri Jokiharju.
16:23 of 2nd period - Stopped by Filip Gustavsson without a rebound.
16:24 of 2nd period - Jason Dickinson wins face-off versus Zach Sanford in Orlando Solar Bears zone.
16:29 of 2nd period - Wrist shot by Jordan Martinook.
16:29 of 2nd period - Shot Misses the Net.
16:37 of 2nd period - Wrist shot by Jesper Boqvist.
16:37 of 2nd period - Shot Hit the Post.
16:58 of 2nd period - Slapshot by Max Gildon.
16:58 of 2nd period - Stopped by Carter Hart without a rebound.
16:59 of 2nd period - Morgan Frost wins face-off versus Rem Pitlick in Santa Cruz Tiger Sharks zone.
17:10 of 2nd period - Snap shot by Morgan Frost.
17:10 of 2nd period - Goal by Morgan Frost - Orlando Solar Bears : 2 - Santa Cruz Tiger Sharks : 7.
17:11 of 2nd period - David Gustafsson wins face-off versus Jason Dickinson in neutral zone.
17:30 of 2nd period - Henri Jokiharju is hit by Jason Dickinson and loses puck.
17:49 of 2nd period - Wrist shot by Carter Rowney.
17:49 of 2nd period - Stopped by Filip Gustavsson without a rebound.
17:50 of 2nd period - Morgan Frost wins face-off versus Rem Pitlick in Orlando Solar Bears zone.
17:50 of 2nd period - Martin Pospisil is hit by Carter Rowney and loses puck.
17:52 of 2nd period - Carter Rowney and Isaak Phillips fight to a draw.
17:52 of 2nd period - Penalty to Carter Rowney for Fighting.
17:52 of 2nd period - Penalty to Isaak Phillips for Fighting.
17:53 of 2nd period - Jesper Boqvist wins face-off versus Jason Dickinson in Orlando Solar Bears zone.
18:04 of 2nd period - Snap shot by Jesper Boqvist.
18:04 of 2nd period - Stopped by Filip Gustavsson with a rebound.
18:06 of 2nd period - Wrist shot by Jesper Boqvist.
18:06 of 2nd period - Deflect By David Gustafsson.
18:06 of 2nd period - Stopped by Filip Gustavsson with a rebound.
18:08 of 2nd period - Snap shot by Zach Sanford.
18:08 of 2nd period - Shot Misses the Net.
18:18 of 2nd period - Tobias Bjornfot is hit by Victor Soderstrom and loses puck.
18:23 of 2nd period - Snap shot by Philip Tomasino.
18:23 of 2nd period - Shot Misses the Net.
18:37 of 2nd period - Snap shot by Martin Pospisil.
18:37 of 2nd period - Stopped by Carter Hart without a rebound.
18:38 of 2nd period - Morgan Frost wins face-off versus Steven Lorentz in Santa Cruz Tiger Sharks zone.
18:43 of 2nd period - Wrist shot by Morgan Frost.
18:43 of 2nd period - Deflect By Martin Pospisil.
18:43 of 2nd period - Stopped by Carter Hart without a rebound.
18:44 of 2nd period - Jason Dickinson wins face-off versus David Gustafsson in Santa Cruz Tiger Sharks zone.
18:44 of 2nd period - Zach Sanford and Samuel Fagemo fight to a draw.
18:44 of 2nd period - Penalty to Zach Sanford for Fighting.
18:44 of 2nd period - Penalty to Samuel Fagemo for Fighting.
18:44 of 2nd period - Samuel Fagemo is ejected from game.
18:45 of 2nd period - Jason Dickinson wins face-off versus David Gustafsson in Santa Cruz Tiger Sharks zone.
19:01 of 2nd period - Wrist shot by Jesper Boqvist.
19:01 of 2nd period - Deflect By David Gustafsson.
19:01 of 2nd period - Stopped by Filip Gustavsson without a rebound.
19:02 of 2nd period - Alexander Volkov wins face-off versus Philip Tomasino in Orlando Solar Bears zone.
19:50 of 2nd period - Slapshot by Morgan Frost.
19:50 of 2nd period - Shot Misses the Net.
19:52 of 2nd period - Slapshot by Martin Pospisil.
19:52 of 2nd period - Stopped by Carter Hart with a rebound.
19:54 of 2nd period - Snap shot by Martin Pospisil.
19:54 of 2nd period - Stopped by Carter Hart with a rebound.
19:56 of 2nd period - Wrist shot by Adam Beckman.
19:56 of 2nd period - Shot Misses the Net.
Goals for this period are 2 for Orlando Solar Bears vs 5 for Santa Cruz Tiger Sharks.
Shots for this period are 13 for Orlando Solar Bears vs 23 for Santa Cruz Tiger Sharks.
3rd period
0:01 of 3rd period - David Gustafsson wins face-off versus Jason Dickinson in neutral zone.
0:06 of 3rd period - Alexander Volkov is hit by Jason Dickinson and loses puck.
1:00 of 3rd period - Snap shot by Martin Pospisil.
1:00 of 3rd period - Stopped by Carter Hart without a rebound.
1:01 of 3rd period - David Gustafsson wins face-off versus Jason Dickinson in Santa Cruz Tiger Sharks zone.
1:22 of 3rd period - Snap shot by Kevin Rooney.
1:22 of 3rd period - Deflect By John-Jason Peterka.
1:22 of 3rd period - Stopped by Filip Gustavsson without a rebound.
1:23 of 3rd period - Rem Pitlick wins face-off versus Philip Tomasino in Orlando Solar Bears zone.
1:33 of 3rd period - Off-side.
1:34 of 3rd period - Michael McLeod wins face-off versus Jason Dickinson in neutral zone.
1:38 of 3rd period - Henri Jokiharju and Jamieson Rees fight to a draw.
1:38 of 3rd period - Penalty to Henri Jokiharju for Fighting.
1:38 of 3rd period - Penalty to Jamieson Rees for Fighting.
1:38 of 3rd period - Penalty to Jamieson Rees for instigated a fight.
1:38 of 3rd period - Penalty to Jamieson Rees for instigated and being the aggresor in a fight.
1:38 of 3rd period - Jamieson Rees is ejected from game.
1:39 of 3rd period - Michael McLeod wins face-off versus Jason Dickinson in neutral zone.
1:46 of 3rd period - Wrist shot by Jesper Boqvist.
1:46 of 3rd period - Goal by Jesper Boqvist - Orlando Solar Bears : 2 - Santa Cruz Tiger Sharks : 8.
1:47 of 3rd period - David Gustafsson wins face-off versus Jason Dickinson in neutral zone.
2:50 of 3rd period - Alex Turcotte is hit by Michael McLeod and loses puck.
3:17 of 3rd period - Linus Weissbach is hit by Kristians Rubins and loses puck.
3:57 of 3rd period - Rem Pitlick is hit by Max Gildon.
4:27 of 3rd period - Snap shot by David Gustafsson.
4:27 of 3rd period - Shot Misses the Net.
4:29 of 3rd period - Slapshot by Austin Strand.
4:29 of 3rd period - Stopped by Filip Gustavsson with a rebound.
4:39 of 3rd period - Snap shot by Philip Tomasino.
4:39 of 3rd period - Stopped by Carter Hart without a rebound.
4:40 of 3rd period - John-Jason Peterka wins face-off versus Jason Dickinson in Santa Cruz Tiger Sharks zone.
4:43 of 3rd period - Wrist shot by Jordan Martinook.
4:43 of 3rd period - Stopped by Carter Hart without a rebound.
4:44 of 3rd period - Jason Dickinson wins face-off versus Michael McLeod in Santa Cruz Tiger Sharks zone.
5:16 of 3rd period - Philip Tomasino is hit by Slater Koekkoek and loses puck.
5:57 of 3rd period - Snap shot by Carter Rowney.
5:57 of 3rd period - Stopped by Filip Gustavsson with a rebound.
5:59 of 3rd period - Wrist shot by Zach Sanford.
5:59 of 3rd period - Shot Misses the Net.
6:01 of 3rd period - Wrist shot by Jesper Boqvist.
6:01 of 3rd period - Shot Misses the Net.
6:59 of 3rd period - Max Gildon is hit by Kieffer Bellows and loses puck.
8:41 of 3rd period - Off-side.
8:42 of 3rd period - Jason Dickinson wins face-off versus Michael McLeod in neutral zone.
9:09 of 3rd period - Slapshot by Alexander Volkov.
9:09 of 3rd period - Shot Misses the Net.
10:13 of 3rd period - Minor Penalty to Kieffer Bellows for Holding.
10:14 of 3rd period - Michael McLeod wins face-off versus Jason Dickinson in Santa Cruz Tiger Sharks zone.
10:54 of 3rd period - Icing by Philip Tomasino.
10:55 of 3rd period - Rem Pitlick wins face-off versus Jason Dickinson in Orlando Solar Bears zone.
10:58 of 3rd period - Snap shot by Kevin Rooney.
10:58 of 3rd period - Shot Misses the Net.
11:25 of 3rd period - Tobias Bjornfot is hit by Victor Soderstrom and loses puck.
12:13 of 3rd period - Penalty to Kieffer Bellows is over, Kieffer Bellows is back on ice.
12:15 of 3rd period - Icing by Rem Pitlick.
12:16 of 3rd period - John-Jason Peterka wins face-off versus Philip Tomasino in Santa Cruz Tiger Sharks zone.
12:16 of 3rd period - John-Jason Peterka is hit by Adam Beckman.
13:03 of 3rd period - Wrist shot by Zach Sanford.
13:03 of 3rd period - Stopped by Filip Gustavsson with a rebound.
13:05 of 3rd period - Snap shot by Zach Sanford.
13:05 of 3rd period - Shot Blocked by Morgan Frost.
13:07 of 3rd period - Snap shot by Michael McLeod.
13:07 of 3rd period - Stopped by Filip Gustavsson without a rebound.
13:08 of 3rd period - Michael McLeod wins face-off versus Jason Dickinson in Orlando Solar Bears zone.
13:09 of 3rd period - Snap shot by Jesper Boqvist.
13:09 of 3rd period - Stopped by Filip Gustavsson with a rebound.
13:20 of 3rd period - Icing by Jordan Martinook.
13:21 of 3rd period - Michael McLeod wins face-off versus Jason Dickinson in Orlando Solar Bears zone.
13:29 of 3rd period - Off-side.
13:30 of 3rd period - Michael McLeod wins face-off versus Jordan Martinook in neutral zone.
13:34 of 3rd period - Icing by Jarred Tinordi.
13:35 of 3rd period - Michael McLeod wins face-off versus Jason Dickinson in Orlando Solar Bears zone.
13:39 of 3rd period - Zach Sanford and Jordan Martinook fight to a draw.
13:39 of 3rd period - Penalty to Zach Sanford for Fighting.
13:39 of 3rd period - Penalty to Jordan Martinook for Fighting.
13:40 of 3rd period - Jason Dickinson wins face-off versus Michael McLeod in Orlando Solar Bears zone.
14:05 of 3rd period - Jarred Tinordi is hit by Kevin Rooney and loses puck.
14:57 of 3rd period - Icing by Michael McLeod.
14:58 of 3rd period - John-Jason Peterka wins face-off versus Jason Dickinson in Santa Cruz Tiger Sharks zone.
15:03 of 3rd period - Slapshot by Sean Day.
15:03 of 3rd period - Shot Misses the Net.
15:05 of 3rd period - Slapshot by Sean Day.
15:05 of 3rd period - Shot Blocked by Donovan Sebrango.
15:07 of 3rd period - Slapshot by Sean Day.
15:07 of 3rd period - Stopped by Filip Gustavsson with a rebound.
15:23 of 3rd period - Henri Jokiharju is hit by Donovan Sebrango and loses puck.
15:28 of 3rd period - Snap shot by Linus Weissbach.
15:28 of 3rd period - Shot Misses the Net.
15:30 of 3rd period - Wrist shot by Linus Weissbach.
15:30 of 3rd period - Shot Blocked by Carter Rowney.
15:32 of 3rd period - Slapshot by Max Gildon.
15:32 of 3rd period - Deflect By Tobias Bjornfot.
15:32 of 3rd period - Stopped by Carter Hart without a rebound.
15:33 of 3rd period - Michael McLeod wins face-off versus Adam Beckman in Santa Cruz Tiger Sharks zone.
16:11 of 3rd period - Slapshot by Henri Jokiharju.
16:11 of 3rd period - Shot Misses the Net.
16:13 of 3rd period - Slapshot by Alexander Volkov.
16:13 of 3rd period - Stopped by Filip Gustavsson with a rebound.
16:15 of 3rd period - Wrist shot by John-Jason Peterka.
16:15 of 3rd period - Stopped by Filip Gustavsson with a rebound.
16:17 of 3rd period - Wrist shot by John-Jason Peterka.
16:17 of 3rd period - Deflect By Alexander Volkov.
16:17 of 3rd period - Goal by Alexander Volkov - Orlando Solar Bears : 2 - Santa Cruz Tiger Sharks : 9.
16:18 of 3rd period - Michael McLeod wins face-off versus Adam Beckman in neutral zone.
16:20 of 3rd period - Austin Strand is hit by Victor Soderstrom and loses puck.
16:30 of 3rd period - Jarred Tinordi beats up Sean Day.
16:30 of 3rd period - Penalty to Sean Day for Fighting.
16:30 of 3rd period - Penalty to Jarred Tinordi for Fighting.
16:31 of 3rd period - Philip Tomasino wins face-off versus Michael McLeod in Santa Cruz Tiger Sharks zone.
16:32 of 3rd period - Snap shot by John Leonard.
16:32 of 3rd period - Stopped by Carter Hart without a rebound.
16:33 of 3rd period - Michael McLeod wins face-off versus Philip Tomasino in Santa Cruz Tiger Sharks zone.
16:38 of 3rd period - 10 Minutes Misconduct Penalty to Jamieson Rees is over.
16:40 of 3rd period - Snap shot by Philip Tomasino.
16:40 of 3rd period - Stopped by Carter Hart without a rebound.
16:41 of 3rd period - Michael McLeod wins face-off versus Philip Tomasino in Santa Cruz Tiger Sharks zone.
16:49 of 3rd period - David Gustafsson and Valtteri Puustinen fight to a draw.
16:49 of 3rd period - Penalty to David Gustafsson for Fighting.
16:49 of 3rd period - Penalty to Valtteri Puustinen for Fighting.
16:49 of 3rd period - Penalty to Valtteri Puustinen for instigated a fight.
16:49 of 3rd period - Penalty to Valtteri Puustinen for instigated a fight.
16:50 of 3rd period - Michael McLeod wins face-off versus Jason Dickinson in Orlando Solar Bears zone.
16:53 of 3rd period - Slapshot by Jesper Boqvist.
16:53 of 3rd period - Stopped by Filip Gustavsson without a rebound.
16:54 of 3rd period - Michael McLeod wins face-off versus Philip Tomasino in Orlando Solar Bears zone.
16:59 of 3rd period - Snap shot by Michael McLeod.
16:59 of 3rd period - Stopped by Filip Gustavsson with a rebound.
18:39 of 3rd period - Penalty to Jordan Martinook is over, Jordan Martinook is back on ice.
18:49 of 3rd period - Penalty to Valtteri Puustinen is over, Jordan Martinook is send on ice.
18:55 of 3rd period - Minor Penalty to Zach Sanford for Holding.
18:56 of 3rd period - Michael McLeod wins face-off versus Jason Dickinson in Santa Cruz Tiger Sharks zone.
19:20 of 3rd period - Tobias Bjornfot is hit by Victor Soderstrom.
19:24 of 3rd period - Slapshot by Henri Jokiharju.
19:24 of 3rd period - Stopped by Filip Gustavsson without a rebound.
19:25 of 3rd period - Philip Tomasino wins face-off versus Michael McLeod in Orlando Solar Bears zone.
19:25 of 3rd period - Philip Tomasino is hit by Kristians Rubins.
19:31 of 3rd period - Austin Strand is hit by Jordan Martinook and loses puck.
Goals for this period are 0 for Orlando Solar Bears vs 2 for Santa Cruz Tiger Sharks.
Shots for this period are 6 for Orlando Solar Bears vs 14 for Santa Cruz Tiger Sharks.
Back to the Top